Map: Tierra azul EJ

Players

etmajo - Winner!

  • Race: Protoss Protoss
  • League: Diamond
  • Spawn Location: 1:00

Marte

  • Race: Zerg Zerg
  • League: Diamond
  • Spawn Location: 7:00

VOD

Have the link to the VOD?

Description

Time

  • Played on: Sept. 1, 2018, 9:35 p.m.
  • Length: 12:30
Show
View Real Time Build Order
Export as new Build Order

etmajo Protoss - Winner!

Build Orders:  

Get SALT Encoding   

  12  0:00  Probe  
  13  0:12  Probe  
  14  0:20  Pylon  
  14  0:25  Probe  
  15  0:34  Probe  
  15  0:38  Gateway  
  16  0:42  Probe  
  16  0:48  Assimilator  
  17  0:52  Probe  
  18  1:04  Probe  
  18  1:10  Assimilator  
  19  1:16  Probe  
  20  1:24  Gateway  
  20  1:25  Cybernetics Core  
  20  1:28  Zealot  
  22  1:37  Pylon  
  22  1:39  Probe  
  23  1:52  Adept  
  23  1:55  Probe  
  24  2:01  Warp Gate  
  24  2:02  Sentry  
  24  2:07  Probe  
  27  2:08  Pylon  
  29  2:19  Probe  
  30  2:26  Adept  
  32  2:31  Probe  
  32  2:35  Adept  
  35  2:43  Probe  
  36  2:55  Probe  
  37  3:05  Adept  
  37  3:10  Pylon  
  39  3:21  Nexus  
  39  3:26  Stargate  
  39  3:28  Adept  
  41  3:42  Probe, Stargate  
  41  3:47  Adept  
  44  3:54  Probe  
  37  4:22  Phoenix  
  38  4:35  Phoenix  
  40  4:42  Adept x2  
  42  4:57  Probe  
  42  4:58  Probe  
  44  5:09  Adept x2  
  48  5:20  Shield Battery  
  48  5:23  Probe x2  
  48  5:24  Assimilator, Shield Battery x2  
  50  5:29  Assimilator  
  50  5:32  Adept x2  
  54  5:45  Phoenix  
  54  5:49  Probe x2  
  53  5:56  Phoenix  
  54  6:01  Probe  
  54  6:03  Adept  
  56  6:04  Probe  
  56  6:11  Adept  
  56  6:13  Probe  
  56  6:17  Probe  
  60  6:24  Phoenix  
  62  6:39  Pylon  
  62  6:41  Pylon  
  62  6:45  Probe  
  62  6:50  Phoenix x2  
  62  6:57  Probe  
  67  7:08  Adept x2  
  71  7:09  Probe  
  71  7:12  Phoenix x2  
  76  7:29  Adept  
  78  7:37  Shield Battery  
  78  7:39  Shield Battery  
  78  7:40  Shield Battery  
  78  7:50  Probe x2  
  74  8:00  Adept x2  
  78  8:28  Pylon  
  78  8:30  Pylon  
  77  8:46  Phoenix x2  
  81  8:49  Nexus  
  81  9:09  Pylon  
  79  9:11  Phoenix x2, Adept x2  
  79  9:13  Pylon  
  87  9:25  Pylon  
  87  9:27  Phoenix x2  
  87  9:28  Pylon  
  87  9:35  Twilight Council  
  82  10:07  Adept x2  
  84  10:35  Adept x2  
  88  10:40  Phoenix x2  
  88  10:42  Pylon  
  88  10:47  Resonating Glaives  
  88  10:50  Probe x2  
  88  10:51  Probe  
  87  11:09  Phoenix x2  
  89  11:26  Adept  
  89  11:27  Adept  
  89  11:30  Probe x3  
  86  11:42  Phoenix x2  
  88  11:52  Probe  
  85  11:59  Probe  
  85  12:01  Probe  
Show
View Real Time Build Order
Export as new Build Order

Marte Zerg 

Build Orders: Pool First, Zergling Baneling 

Get SALT Encoding   

  12  0:01  Drone  
  13  0:13  Overlord  
  13  0:20  Extractor  
  12  0:22  Drone  
  13  0:36  Spawning Pool  
  12  0:45  Drone  
  13  0:59  Drone  
  13  1:00  Drone  
  15  1:19  Drone  
  15  1:23  Metabolic Boost  
  16  1:25  Zergling x4  
  18  1:33  Zergling x2  
  19  1:47  Hatchery  
  18  1:58  Drone  
  19  2:02  Queen  
  21  2:20  Zergling x2  
  21  2:27  Overlord  
  21  2:32  Baneling Nest  
  20  2:41  Drone  
  21  2:47  Zergling x2  
  21  2:48  Zergling x2  
  23  2:59  Drone, Roach Warren  
  23  3:12  Zergling x4  
  25  3:13  Zergling x8  
  25  3:19  Drone  
  29  3:40  Baneling x4  
  27  3:42  Zergling x8  
  27  3:45  Baneling x2  
  27  3:47  Baneling  
  31  3:48  Baneling  
  31  3:58  Zergling x4  
  26  4:21  Baneling x3  
  25  4:37  Zergling x2  
  25  4:38  Zergling x16  
  28  5:05  Zergling x8  
  32  5:20  Zergling x4  
  34  5:26  Baneling x3  
  34  5:29  Overlord x2  
  34  5:34  Baneling x2, Overlord  
  34  5:35  Overlord  
  28  5:49  Zergling x4  
  27  6:02  Zergling x2  
  27  6:03  Zergling x6  
  25  6:13  Zergling x4  
  25  6:16  Queen  
  29  6:23  Spore Crawler  
  29  6:25  Zergling x8  
  32  6:39  Drone x2  
  36  6:40  Drone x2  
  36  7:03  Spore Crawler  
  36  7:05  Spore Crawler  
  36  7:07  Spore Crawler  
  30  7:13  Baneling  
  30  7:14  Baneling x7  
  30  7:15  Zergling x2  
  30  7:16  Zergling x2  
  29  7:23  Drone x4  
  29  7:25  Drone  
  29  7:29  Drone  
  25  7:56  Drone  
  25  7:57  Queen  
  26  7:58  Queen  
  28  8:05  Spore Crawler  
  28  8:10  Drone x4  
  30  8:24  Drone x4  
  34  8:39  Zergling x2  
  34  8:40  Zergling x4  
  35  8:50  Overlord x2  
  35  8:52  Lair  
  31  9:04  Zergling x10  
  31  9:23  Queen  
  33  9:24  Drone  
  33  9:25  Drone x2  
  31  10:15  Zergling x18  
  36  10:31  Hydralisk Den  
  33  10:39  Centrifical Hooks  
  33  10:41  Extractor  
  33  10:42  Drone x5  
  37  10:45  Extractor x2  
  31  10:59  Zergling x10  
  31  11:00  Zergling x2  
  34  11:05  Spine Crawler x2  
  29  11:12  Zergling x4  
  30  11:24  Baneling  
  30  11:25  Baneling x2  
  24  11:42  Zergling x4  
  24  11:43  Zergling x14  
  29  11:57  Spine Crawler  
  14  12:11  Zergling x6  
Tags
 
Add a new tag
Caveats
  • Supply blocks, unpowered buildings, or Contaminate may cause inaccurate times.
  • Supply counts are checked every 10 seconds.